 Dungeon Crawl Stone Soup version 0.21-a0-632-g1e37ce5 (webtiles) character file.

170 Amnesiac the Magician (level 5, -3/25 HPs)
             Began as a Spriggan Conjurer on Dec 28, 2017.
             Killed by nerve-wracking pain
             ... invoked by Grinder
              (14 damage)
             ... while paralysed by Grinder
             ... on level 3 of the Dungeon.
             The game lasted 00:05:45 (2794 turns).

Amnesiac the Magician (Spriggan Conjurer)           Turns: 2794, Time: 00:05:46

Health: -3/25      AC:  2    Str:  9    XL:     5   Next: 26%
Magic:  1/12       EV:  4    Int: 17    God:
Gold:   163        SH:  0    Dex: 17    Spells: 8/12 levels left

rFire    . . .     SeeInvis +   f - +0 dagger (freeze)
rCold    . . .     Gourm    .   (shield restricted)
rNeg     . . .     Faith    .   a - +0 robe
rPois    .         Spirit   .   (helmet restricted)
rElec    .         Reflect  .   (no cloak)
rCorr    .         Harm     .   (gloves unavailable)
MR       .....                  (boots unavailable)
Stlth    ++........             (no amulet)
HPRegen  0.08/turn              i - ring of wizardry
MPRegen  0.13/turn              (no ring)

@: paralysed, mighty, very slightly contaminated, very quick
A: very small, unfitting armour, see invisible, herbivore, speed 3, slow
metabolism 2
a: no special abilities


You were on level 3 of the Dungeon.
You were hungry.

You visited 1 branch of the dungeon, and saw 3 of its levels.
You also visited: Sewer.

You collected 163 gold pieces.

Inventory:

Hand Weapons
 f - a +0 dagger of freezing (weapon)
Missiles
 h - 40 stones (quivered)
Armour
 a - a +0 robe (worn)
Jewellery
 i - a ring of wizardry (left hand)
Wands
 j - a wand of iceblast (9)
Scrolls
 l - a scroll of remove curse {!r}
Potions
 g - a potion of lignification {!q, unknown}
 k - a potion of degeneration {!q, unknown}
 p - a potion of berserk rage {!q}
Books
 b - a book of Conjurations

   Spells                             Type                      Level
   a - Magic Dart                     Conjuration                  1
   b - Searing Ray                    Conjuration                  2
   c - Dazzling Spray                 Conjuration/Hexes            3
   d - Fulminant Prism                Conjuration/Hexes            4
   e - Force Lance                    Conjuration/Translocation    4
   f - Iskenderun's Mystic Blast      Conjuration                  4
Comestibles
 c - 2 rations


   Skills:
 - Level 1.2 Fighting
 - Level 3.5 Dodging
 - Level 3.0 Stealth
 - Level 4.1 Spellcasting
 - Level 4.0 Conjurations
 + Level 1.5 Hexes


You had 8 spell levels left.
You knew the following spells:

 Your Spells              Type           Power        Failure   Level  Hunger
d - Fulminant Prism       Conj/Hex       ##........   21%         4    ####...


Dungeon Overview and Level Annotations

Branches:
Dungeon (3/15)

Altars:
Makhleb

Annotations:
D:3 exclusion: 2 jackals, Amnesiac's ghost, amateur DDGl; Grinder; Sigmund


Innate Abilities, Weirdness & Mutations

You are very small and have problems with some larger weapons.
You are too small for most types of armour.
You have supernaturally acute eyesight. (SInv)
You are a herbivore.
You cover ground extremely quickly.
You need consume almost no food.


Message History

Really read
d - a scroll labeled ETOSAY KOITIRE {!r}?
As you read the scroll labeled ETOSAY KOITIRE {!r}, it crumbles to dust.
It is a scroll of amnesia.
Your memory of Magic Dart unravels.
Purgy closely misses you. Purgy barely misses you. Purgy closely misses you.
Really read
n - a scroll labeled XYZAFR GIAXTOCKOMN {!r}?
As you read the scroll labeled XYZAFR GIAXTOCKOMN {!r}, it crumbles to dust.
You feel aware of your surroundings.
It was a scroll of magic mapping {!r}.
Purgy completely misses you. Purgy misses you. x2
Really read
o - a scroll labeled JOTZAMIROE {!r}?
As you read the scroll labeled JOTZAMIROE {!r}, it crumbles to dust.
It is a scroll of identify.
p - a potion of berserk rage {!q} Purgy misses you.
Purgy claws you. x2
Really quaff
m - an inky potion {!q}?
It was a potion of might {!q}.
You feel very mighty all of a sudden. Purgy bites you. Purgy barely misses you.
Purgy completely misses you.
Really quaff
e - a glowing puce potion {!q}?
It was a potion of heal wounds {!q}.
You feel much better. Purgy completely misses you. Purgy claws you. x2
You puncture Purgy! You freeze Purgy.
Purgy is heavily wounded.
Purgy closely misses you. x2; Purgy completely misses you.
Casting: Fulminant Prism
Confirm with . or Enter, or press ? or * to list all spells.
Aiming: Fulminant Prism
Press: ? - help, Dir - move target cursor, f - Grinder
Aim: Grinder
Okay, then.
You puncture Purgy! You freeze Purgy.
Purgy is almost dead.
Purgy closely misses you. Purgy claws you but does no damage. Purgy misses you.
Casting: Fulminant Prism
Confirm with . or Enter, or press ? or * to list all spells.
Aiming: Fulminant Prism
Press: ? - help, Dir - move target cursor You conjure a prism of explosive energy!
Purgy misses you. Purgy barely misses you. Purgy claws you.
You barely miss Purgy.
Purgy is almost dead.
Purgy bites you. Purgy completely misses you. Purgy claws you.
* * * LOW HITPOINT WARNING * * *
Your fulminant prism crackles loudly.
You puncture Purgy! You freeze Purgy.
You kill Purgy!
You hear a splash.
The troll leather armour {Purgy} is intact enough to wear.
Training target 4.0 for Spellcasting reached!
Training target 4.0 for Conjurations reached!
Your Spellcasting skill increases to level 4!
Your Conjurations skill increases to level 4!
Your Hexes skill increases to level 1!
You have reached level 5!
You feel agile. Grinder gestures at you.
You suddenly lose the ability to move!
Your fulminant prism explodes!
The blast of energy engulfs Grinder.
Grinder is lightly wounded.
Grinder gestures at you. Pain shoots through your body!
Ouch! That really hurt!
You die...

##.###..# #..# *,*
##.###..########÷#####
*,*
.5.........>...#≈#.Z.#
*,*
##.###..########≈###.#
*,* ##.# #..# #≈# #.#
*,* .#.###..#
#≈###.###.#
.#.(....####
#5#.......#
.######....#
#[###.#####
.......†...# #@# #.#
.######....# #≈# #.#
..,* #....#########.#
..,* #....'.....Z...#
...*
#....###########**
...* #.##.# *,,,,,,,*
...# #.##.# *,*****,*
#*,** #.##.# *,* *,*
,*,,* #.*#.# *,* *,*


You could see Grinder.

Vanquished Creatures
  Purgy (D:3)
  2 adders
  A worm (D:2)
  A leopard gecko (D:1)
  An orc (D:3)
  7 giant cockroaches
  3 goblins
  5 hobgoblins
  7 jackals
  10 bats
  4 frilled lizards
  9 kobolds
  4 rats
55 creatures vanquished.

Vanquished Creatures (others)
  4 fulminant prisms
4 creatures vanquished.

Grand Total: 59 creatures vanquished

Notes
Turn   | Place    | Note
-------+----------+-------------------------------------------
     0 | D:1      | Amnesiac the Spriggan Conjurer began the quest for the Orb.
     0 | D:1      | Reached XP level 1. HP: 9/9 MP: 5/5
   196 | D:1      | Reached XP level 2. HP: 14/14 MP: 0/6
   408 | D:1      | Reached skill level 1 in Fighting
  1137 | D:2      | Found a burning altar of Makhleb.
  1149 | D:2      | Reached XP level 3. HP: 18/18 MP: 4/8
  2202 | D:3      | Noticed Sigmund
  2230 | D:3      | Noticed Amnesiac's ghost (amateur DDGl)
  2239 | D:3      | Noticed Grinder
  2286 | D:3      | Reached XP level 4. HP: 10/22 MP: 4/10
  2287 | D:3      | Found a glowing drain.
  2298 | Sewer    | Entered a sewer
  2397 | Sewer    | Learned a level 4 spell: Fulminant Prism
  2460 | Sewer    | Noticed Purgy
  2793 | D:3      | Killed Purgy
  2793 | D:3      | Reached skill level 1 in Hexes
  2793 | D:3      | Reached XP level 5. HP: 11/25 MP: 1/12
  2793 | D:3      | Paralysed by Grinder for 6 turns
  2794 | D:3      | Killed from afar by Grinder

Vault maps used:
D:1:      kennysheep_arrival_seaside
D:2:      overflow_temple_1_default
D:3:      portal_sewer_entry_d, uniq_grinder, uniq_sigmund
Sewer:    sewer_big_baddie

Skill      XL: |  1  2  3  4 |
---------------+-------------+-----
Conjurations   | 3 4 |  4.0
Fighting       | 1 |  1.2
Spellcasting   | 3 4 |  4.1
Hexes          | 1 |  1.5
Dodging        | |  3.5
Stealth        | |  3.0

Action                   |  1- 3 |  4- 6 || total
-------------------------+-------+-------++-------
Melee: Dagger            |    48 |     4 ||    52
 Cast: Magic Dart        |   127 |    15 ||   142
       Fulminant Prism   |       |     4 ||     4
  Use: Scroll            |     3 |     3 ||     6
       Potion            |       |     2 ||     2
 Stab: Sleeping          |     1 |       ||     1
Armor: Robe              |    13 |     2 ||    15
Dodge: Dodged            |    77 |    25 ||   102

Table legend:
 A = Spawn XP
 B = Non-spawn XP
 C = Spawn XP percentage of total XP
 D = Spawn monster count
 E = Non-spawn monster count
 F = Spawn count percentage of total count
 G = Total turns spent on level
                    A         B        C        D         E        F      G
               +---------+---------+-------+---------+---------+-------+---------
         Total |       0 |     244 |   0.0 |       0 |      55 |   0.0 |  2794
               +---------+---------+-------+---------+---------+-------+---------
           D:1 |       0 |      37 |   0.0 |       0 |      21 |   0.0 |  1137
           D:2 |       0 |      47 |   0.0 |       0 |      21 |   0.0 |   914
           D:3 |       0 |     153 |   0.0 |       0 |       8 |   0.0 |   258
         Sewer |       0 |       7 |   0.0 |       0 |       5 |   0.0 |   485
               +---------+---------+-------+---------+---------+-------+---------
